 Dungeon Crawl Stone Soup version 0.22-b1-21-g5cfc168 (webtiles) character file.

3403 Lilu the Destroyer (level 9, -13/51 HPs)
             Began as a Deep Elf Conjurer on Aug 5, 2018.
             Mangled by Joseph
             ... wielding a +0 quarterstaff
              (18 damage)
             ... on level 8 of the Dungeon.
             The game lasted 00:31:36 (8615 turns).

Lilu the Destroyer (Deep Elf Conjurer)              Turns: 8615, Time: 00:31:37

Health: -13/51     AC:  4    Str:  7    XL:     9   Next: 75%
Magic:  10/14      EV: 13    Int: 22    God:
Gold:   228        SH:  0    Dex: 15    Spells: 7/14 levels left

rFire    + . .     SeeInvis +   H - +3 flail (holy)
rCold    . . .     Gourm    .   (no shield)
rNeg     . . .     Faith    .   a - +0 robe
rPois    .         Spirit   .   (no helmet)
rElec    .         Reflect  .   E - +0 cloak {+Inv}
rCorr    .         Harm     .   e - +0 pair of gloves
MR       .....                  (no boots)
Stlth    ++........             b - amulet of regeneration
HPRegen  0.57/turn              x - ring of protection from fire
MPRegen  0.14/turn              h - ring of see invisible

@: no status effects
A: frail 1, low mp 1
a: Evoke Invisibility


You were on level 8 of the Dungeon.
You were not hungry.

You visited 1 branch of the dungeon, and saw 8 of its levels.
You also visited: Ossuary.

You collected 228 gold pieces.

Inventory:

Hand Weapons
 l - a +0 hunting sling
 y - a +1 whip of freezing
 F - a +2 quarterstaff of chaos
 H - a +3 flail of holy wrath (weapon)
 M - the +7 war axe of Coeki {flame, rPois rC+ Int-4 Dex+5}
   (You found it on level 6 of the Dungeon)

   It has been specially enchanted to burn those struck by it, causing extra
   injury to most foes and up to half again as much damage against particularly
   susceptible opponents.
   Big, fiery blades are also staple armaments of hydra-hunters.
   It affects your intelligence (-4).
   It affects your dexterity (+5).
   It protects you from cold.
   It protects you from poison.
Missiles
 r - 57 bolts
 s - 84 arrows
Armour
 a - a +0 robe (worn)
 e - a +0 pair of gloves (worn)
 E - a +0 cloak of invisibility (worn)
Jewellery
 b - an amulet of regeneration (around neck)
 h - a ring of see invisible (right hand)
 j - an uncursed ring of ice
 v - an uncursed amulet of guardian spirit
 x - a ring of protection from fire (left hand)
Wands
 u - a wand of flame (28)
 I - a wand of iceblast (20)
Scrolls
 d - 4 scrolls of blinking {unknown}
 g - 9 scrolls of identify
 n - 4 scrolls of remove curse
 t - 2 scrolls of enchant weapon {unknown}
 w - 5 scrolls of fear {unknown}
 B - 4 scrolls of magic mapping {unknown}
 C - a scroll of immolation {unknown}
 G - a scroll of teleportation {unknown}
 N - a scroll of enchant armour {unknown}
 O - a scroll of fog {unknown}
Potions
 f - 3 potions of agility {unknown}
 i - 3 potions of lignification {unknown}
 k - a potion of brilliance {unknown}
 m - a potion of mutation {unknown}
 o - 5 potions of curing {unknown}
 p - 2 potions of ambrosia {unknown}
 q - a potion of magic {unknown}
 z - a potion of might {unknown}
 A - 2 potions of invisibility {unknown}
 D - 2 potions of heal wounds {unknown}
 J - a potion of degeneration {unknown}
 L - a potion of resistance {unknown}
Comestibles
 c - 12 rations
 K - 5 chunks of flesh


   Skills:
 + Level 7.4 Fighting
 - Level 2.4 Dodging
 - Level 2.4 Stealth
 - Level 3.0 Spellcasting
 - Level 12.1 Conjurations


You had 7 spell levels left.
You knew the following spells:

 Your Spells              Type           Power        Failure   Level  Hunger
a - Magic Dart            Conj           ####         1%          1    None
b - Searing Ray           Conj           ######       1%          2    ##.....
c - Iskenderun's Mystic   Conj           ######..     1%          4    ####...

Your spell library contained the following spells:

 Spells                   Type           Power        Failure   Level  Hunger
 Fulminant Prism          Conj/Hex       ####......   11%         4    ####...
 Dazzling Spray           Conj/Hex       ####..       3%          3    ###....
 Force Lance              Conj/Tloc      ####....     11%         4    ####...


Dungeon Overview and Level Annotations

Branches:
Dungeon (8/15)
 Temple: D:4-7         Lair: D:8-11

Altars:
Ashenzari
Kikubaaqudgha
Sif Muna
Uskayaw

Shops:
D:5 *}%[   D:7 [

Annotations:
D:8 Joseph


Innate Abilities, Weirdness & Mutations

You are frail. (-10% HP)
Your magical capacity is low. (-10% MP)


Message History

The scorpion is almost dead.
The howler monkey hits you. The scorpion misses you.
The searing ray hits the scorpion.
You kill the scorpion!
You finish channeling your searing ray.
The howler monkey barely misses you.
The orc wizard gestures wildly while chanting.
The orc wizard seems to speed up.
Joseph unwields an uncursed quarterstaff.
Joseph wields a hunting sling.
Joseph shoots a sling bullet.
The sling bullet hits you!!
The howler monkey hoots and howls with incredible vigour!
You hear a shout! x4
Joseph unwields an uncursed hunting sling.
Joseph wields an uncursed quarterstaff.
Joseph hits you with an uncursed quarterstaff!
* * * LOW HITPOINT WARNING * * *
The howler monkey hoots and howls with incredible vigour!
You hear a shout!
Joseph hits you with an uncursed quarterstaff!!
You die...

...$....# #.#....#
##.....# #oh.# .@
#.#h.# #.? #h##..#
#..###.# #..# #...@.#
#..# ####.@#####.#
#### #.....# .#
...###.##.# # #..##.#
# #..#.## ... #....#
#.# ## .. ####..###.#
.#...
##.......#.##.#.#
##...........#...####


You could see Joseph, 2 howler monkeys and an orc wizard.

Vanquished Creatures
  Pikel (D:4)
  Psyche (D:8)
  A hippogriff (D:6)
  Edmund (D:5)
  An orc warrior (D:8)
  A black bear (D:7)
  An ice beast (D:5)
  2 ogres
  Blork the orc (D:5)
  A bullfrog (D:7)
  11 scorpions
  5 wights (D:5)
  A howler monkey (D:6)
  A centaur zombie (Ossuary)
  2 hounds
  6 human zombies (Ossuary)
  Crazy Yiuf (D:5)
  A centaur skeleton (D:5)
  An orc priest (D:6)
  A jelly (D:8)
  A bullfrog skeleton (D:5)
  3 iguanas
  2 worker ants
  A killer bee zombie (D:6)
  4 big kobold zombies (Ossuary)
  3 hound skeletons
  3 mummies (Ossuary)
  8 gnolls
  10 adders
  3 scorpion zombies (Ossuary)
  A shadow imp (D:5)
  5 worms
  4 dart slugs (D:1)
  5 leopard geckos
  14 orcs
  8 bats
  5 giant cockroaches
  7 goblins
  5 hobgoblins
  8 jackals
  3 quokkas
  7 frilled lizards
  A goblin zombie (Ossuary)
  A hobgoblin zombie (Ossuary)
  A jackal skeleton (D:5)
  6 kobolds
  A kobold zombie (Ossuary)
  2 orc zombies (Ossuary)
  A quokka skeleton (D:4)
  A quokka zombie (D:5)
  6 rats
171 creatures vanquished.

Vanquished Creatures (others)
  A human (D:6)
  An orc (D:4)
  A goblin zombie (Ossuary)
3 creatures vanquished.

Grand Total: 174 creatures vanquished

Notes
Turn   | Place    | Note
-------+----------+-------------------------------------------
     0 | D:1      | Lilu the Deep Elf Conjurer began the quest for the Orb.
     0 | D:1      | Reached XP level 1. HP: 10/10 MP: 6/6
   223 | D:1      | Reached XP level 2. HP: 15/15 MP: 4/8
   274 | D:1      | Reached skill level 5 in Conjurations
   670 | D:1      | Reached XP level 3. HP: 19/19 MP: 6/9
   903 | D:2      | Learned a level 2 spell: Searing Ray
  1118 | D:2      | Reached skill level 6 in Conjurations
  1129 | D:2      | Reached XP level 4. HP: 24/24 MP: 1/10
  1479 | D:2      | Learned a level 4 spell: Iskenderun's Mystic Blast
  2325 | D:3      | Reached skill level 7 in Conjurations
  2325 | D:3      | Reached XP level 5. HP: 28/28 MP: 7/11
  3383 | D:4      | Reached skill level 8 in Conjurations
  3431 | D:4      | Reached XP level 6. HP: 32/32 MP: 8/12
  3829 | D:4      | Noticed Pikel
  3829 | D:4      | Noticed a slave
  3829 | D:4      | Noticed a slave
  3867 | D:4      | Noticed a slave
  3868 | D:4      | Killed Pikel
  3868 | D:4      | Reached skill level 10 in Conjurations
  3868 | D:4      | Reached XP level 7. HP: 35/36 MP: 3/13
  4003 | D:4      | Found a shattered altar of Ashenzari.
  4354 | D:5      | Entered Level 5 of the Dungeon
  4383 | D:5      | Found Lovof's Food Shop.
  4407 | D:5      | Reached XP level 8. HP: 41/41 MP: 10/14
  4419 | D:5      | Found a sand-covered staircase.
  4502 | Ossuary  | Entered an ossuary
  4529 | Ossuary  | Reached skill level 11 in Conjurations
  5275 | Ossuary  | Reached skill level 12 in Conjurations
  5426 | Ossuary  | Reached skill level 1 in Fighting
  5862 | D:5      | Found a runed door.
  5888 | D:5      | Noticed Crazy Yiuf
  5895 | D:5      | Killed Crazy Yiuf
  5991 | D:5      | Found a hide-covered altar of Uskayaw.
  6014 | D:5      | Noticed Edmund
  6046 | D:5      | Killed Edmund
  6132 | D:5      | Noticed Blork the orc
  6143 | D:5      | Killed Blork the orc
  6143 | D:5      | Reached XP level 9. HP: 52/52 MP: 7/15
  6204 | D:5      | Found Oclunol's Gadget Shoppe.
  6235 | D:5      | Found Fedam's Assorted Antiques.
  6598 | D:5      | Found Utonuerr's Antique Armour Shoppe.
  6759 | D:6      | Got a twisted war axe
  6760 | D:6      | Identified the +7 war axe of Coeki {flame, rPois rC+ Int-4 Dex+5} (You found it on level 6 of the Dungeon)
  6780 | D:6      | Gained mutation: Your magical capacity is low. (-10% MP) [mutagenic glow]
  6822 | D:6      | Reached skill level 5 in Fighting
  6824 | D:6      | Gained mutation: You are frail. (-10% HP) [mutagenic glow]
  6885 | D:6      | Found an ancient bone altar of Kikubaaqudgha.
  7412 | D:7      | Found a deep blue altar of Sif Muna.
  7661 | D:7      | HP: 2/49 [iguana (11)]
  8192 | D:7      | Found Vuph's Antique Armour Emporium.
  8455 | D:8      | Noticed Psyche
  8463 | D:8      | Killed Psyche
  8600 | D:8      | Noticed Joseph
  8608 | D:8      | Noticed a two-headed ogre
  8615 | D:8      | Mangled by Joseph

Skill      XL: |  1  2  3  4  5  6  7  8  9 |
---------------+----------------------------+-----
Conjurations   | 5 6 7 8 10 12 | 12.1
Fighting       | 3 7 |  7.4
Dodging        | |  2.4
Stealth        | |  2.4
Spellcasting   | |  3.0

Action                   |  1- 3 |  4- 6 |  7- 9 || total
-------------------------+-------+-------+-------++-------
Melee: Unarmed           |     1 |       |       ||     1
       Dagger            |    13 |    14 |       ||    27
       Whip              |       |    70 |    81 ||   151
       Quarterstaff      |       |       |     7 ||     7
       Flail             |       |       |    47 ||    47
 Cast: Magic Dart        |    56 |    51 |    26 ||   133
       Searing Ray       |     2 |    17 |    55 ||    74
       Iskenderun's Myst |       |       |     1 ||     1
  Use: Scroll            |       |     2 |     2 ||     4
 Stab: Sleeping          |       |     4 |     2 ||     6
  Eat: Chunk             |       |    10 |    10 ||    20
       Ration            |       |       |     2 ||     2
Armor: Robe              |    10 |    15 |    33 ||    58
Dodge: Dodged            |    24 |    90 |   134 ||   248
